 Dungeon Crawl Stone Soup version 0.19.1 (webtiles) character file.

672 Slime the Slasher (level 7, 0/57 HPs)
             Began as a Minotaur Abyssal Knight on Dec 24, 2016.
             Was a Believer of Lugonu.
             Slain by a killer bee (4 damage)
             ... on level 5 of the Dungeon.
             The game lasted 00:13:00 (3614 turns).

Slime the Slasher (Minotaur Abyssal Knight)         Turns: 3614, Time: 00:13:01

Health: 0/57       AC: 12    Str: 19    XL:     7   Next: 32%
Magic:  16/16      EV:  8    Int: 14    God:    Lugonu [**....]
Gold:   217        SH: 13    Dex: 14    Spells: 0 memorised, 6 levels left

rFire  . . .     SeeInvis .     a - +1 falchion
rCold  . . .     Gourm    .     d - +0 chain mail
rNeg   . . .     Faith    .     n - +0 large shield
rPois  .         Spirit   .     (helmet restricted)
rElec  .         Reflect  .     (no cloak)
rCorr  .         Harm     .     (no gloves)
MR     .....     Clarity  +     (no boots)
Stlth  ..........               (no amulet)
                                e - ring of magical power
                                (no ring)

@: brilliant, agile, lethally poisoned (0 -> -17), very slightly contaminated,
hasted, very quick
A: retaliatory headbutt, horns 2, icy blue scales 1, clarity
a: Depart the Abyss, Bend Space, Renounce Religion


You were on level 5 of the Dungeon.
You worshipped Lugonu.
Lugonu was pleased with you.
You were very hungry.

You visited 1 branch of the dungeon, and saw 5 of its levels.
You visited the Abyss 1 time.

You collected 273 gold pieces.
You spent 56 gold pieces at shops.

Inventory:

Hand Weapons
 a - a +1 falchion (weapon)
 f - a +1 halberd of venom
Missiles
 i - 5 silver javelins (quivered)
 q - 16 poisoned needles
Armour
 b - a +0 leather armour
 d - a +0 chain mail (worn)
 n - a +0 large shield (worn)
Jewellery
 e - a ring of magical power (right hand)
 j - an uncursed ring of fire
Wands
 r - a wand of teleportation (2/9)
 t - a wand of teleportation (7/9)
Scrolls
 m - 3 scrolls of identify
Potions
 o - a potion of cancellation
 s - a potion of degeneration {unknown}
Comestibles
 c - 3 bread rations
 h - 3 beef jerkies


   Skills:
 - Level 3.6 Fighting
 + Level 7.2 Long Blades
 - Level 6.0 Armour
 - Level 1.1 Dodging
 - Level 0.3 Stealth
 - Level 3.2 Shields
 - Level 2.0 Invocations


You had 6 spell levels left.
You didn't know any spells.

Dungeon Overview and Level Annotations

Branches:
Dungeon (5/15)
 Temple: D:4-7

Altars:
Gozag
Nemelex Xobeh
Yredelemnul

Shops:
D:4 ?


Innate Abilities, Weirdness & Mutations

You reflexively headbutt those who attack you in melee.
You have a pair of horns on your head.
You are partially covered in icy blue scales. (AC +2)
You possess an exceptional clarity of mind.


Message History

* * * LOW HITPOINT WARNING * * *
You feel sick. The killer bee barely misses you. You furiously retaliate!
You headbutt the killer bee.
You riposte.
You miss the killer bee.
The killer bee is heavily wounded.
You block the killer bee's attack. The killer bee barely misses you.
You block the killer bee's attack. The killer bee stings you.
* * * LOW HITPOINT WARNING * * *
Unknown command.
It was a potion of agility.
You feel agile all of a sudden.
* * * LOW HITPOINT WARNING * * *
You feel sick. You block the killer bee's attack. The killer bee stings you.
* * * LOW HITPOINT WARNING * * *
You block the killer bee's attack.
Your shield and chain mail prevent you from hitting the killer bee.
Your headbutt misses the killer bee.
The killer bee is heavily wounded.
* * * LOW HITPOINT WARNING * * *
You feel sick. You block the killer bee's attack. The killer bee stings you.
You die...

#...##.....##......
##..##.....##......
#..##....(........ .
#..+..........###. ..###+#
#..#.....<....##.. .......
+..#.............. .......
#..##.....##......
.....).##y.#########..##..
.......sy@..#.....'...####
........#y..#.....#....#
........#..##.....##...#
.......##..#########...#
....... #### #....#
....... #....# ..##...
#....# .. #.?. ##...#
#..##


You could see a scorpion and 3 killer bees.

Vanquished Creatures
  2 killer bees (D:5)
  A centaur skeleton (D:4)
  A hound (D:4)
  4 orc priests
  6 orc wizards
  An iguana (D:4)
  4 gnolls (D:2)
  6 adders
  An ooze (D:3)
  3 worms
  5 leopard geckos
  16 orcs
  7 bats
  5 giant cockroaches
  7 goblins
  8 hobgoblins
  4 jackals
  3 quokkas
  A ball python (D:1)
  5 frilled lizards
  7 kobolds
  5 rats
102 creatures vanquished.

Notes
Turn   | Place    | Note
-------+----------+-------------------------------------------
     0 | Abyss:1  | Slime the Minotaur Abyssal Knight began the quest for the Orb.
     0 | Abyss:1  | Reached XP level 1. HP: 19/19 MP: 1/1
     0 | D:1      | Escaped the Abyss
    62 | D:1      | Reached skill level 3 in Long Blades
    70 | D:1      | Reached XP level 2. HP: 8/26 MP: 2/2
   435 | D:1      | Reached * piety under Lugonu
   617 | D:1      | Reached skill level 4 in Long Blades
   704 | D:1      | Gained mutation: You possess an exceptional clarity of mind. [potion of beneficial mutation]
   705 | D:1      | Gained mutation: You are partially covered in icy blue scales. (AC +2) [potion of beneficial mutation]
   737 | D:2      | Reached XP level 3. HP: 31/31 MP: 3/3
  1214 | D:2      | Found a faded altar of an unknown god.
  1267 | D:2      | Reached XP level 4. HP: 37/39 MP: 4/4
  1583 | D:3      | Reached ** piety under Lugonu
  1645 | D:3      | Reached skill level 5 in Armour
  1647 | D:3      | Reached XP level 5. HP: 30/45 MP: 5/5
  1926 | D:3      | Reached skill level 1 in Shields
  2045 | D:3      | Reached XP level 6. HP: 33/51 MP: 6/6
  2199 | D:3      | Found a sparkling altar of Nemelex Xobeh.
  2405 | D:4      | Found Aneogih's Magic Scroll Shoppe.
  2427 | D:4      | Bought a scroll of identify for 28 gold pieces
  2427 | D:4      | Bought a scroll of identify for 28 gold pieces
  2622 | D:4      | Reached skill level 5 in Long Blades
  3085 | D:4      | Found a basalt altar of Yredelemnul.
  3085 | D:4      | Found a faded altar of an unknown god.
  3097 | D:4      | Reached skill level 6 in Long Blades
  3097 | D:4      | Reached XP level 7. HP: 44/57 MP: 7/7
  3136 | D:4      | Found a faded altar of an unknown god.
  3138 | D:4      | Found a faded altar of an unknown god.
  3140 | D:4      | Found an opulent altar of Gozag.
  3518 | D:5      | Entered Level 5 of the Dungeon
  3599 | D:5      | Reached skill level 7 in Long Blades
  3614 | D:5      | Slain by a killer bee

Skill      XL: |  1  2  3  4  5  6  7 |
---------------+----------------------+-----
Long Blades    | 3 4 6 7 |  7.2
Armour         | 4 5 6 |  6.0
Shields        | 2 3 |  3.2
Invocations    | 2 |  2.0
Fighting       | |  3.6
Dodging        | |  1.1
Stealth        | |  0.3

Action                   |  1- 3 |  4- 6 |  7- 9 || total
-------------------------+-------+-------+-------++-------
Melee: Falchion          |    73 |   238 |    47 ||   358
       Headbutt          |    14 |    29 |     7 ||    50
Invok: Depart the Abyss  |     1 |       |       ||     1
  Use: Scroll            |     6 |     4 |       ||    10
       Potion            |     3 |       |     6 ||     9
  Eat: Chunk             |     1 |     6 |     1 ||     8
Armor: Leather armour    |    16 |       |       ||    16
       Chain mail        |    12 |   124 |    43 ||   179
Dodge: Dodged            |    52 |    50 |    15 ||   117
Block: Large shield      |       |    91 |    53 ||   144
       Rpst.: Falchion   |    11 |    12 |     7 ||    30
